3L
HARTFORD WHALERS @ OAKLAND OAKS
07/16/2019
 
TOP OF THE 1ST
Hartford Whalers batting - Pitching for Oakland Oaks : LHP Ronald Harmon
Pitching: LHP Ronald Harmon
Batting: RHB Félix Rodríguez 0-0: Called Strike
0-1: Ball
1-1: Ball
2-1: Ball
3-1: Ground out 5-3 (Groundball, 56S)
Batting: LHB Bill Burgess 0-0: Ball
1-0: Ball
2-0: Ground out 4-3 (Groundball, 4)
Batting: RHB Akahele Kimokeo 0-0: Called Strike
0-1: Ball
1-1: Foul Ball, location: 2F
1-2: Foul Ball, location: 2F
1-2: Ball
2-2: Ball
3-2: Foul Ball, location: 2F
3-2: Strikes out looking
Top of the 1st over - 0 run(s), 0 hit(s), 0 error(s), 0 left on base; Hartford 0 - Oakland 0
BOTTOM OF THE 1ST
Oakland Oaks batting - Pitching for Hartford Whalers : LHP Orlando Martínez
Pitching: LHP Orlando Martínez
Batting: SHB Eugene Parrish 0-0: Ball
1-0: Foul Ball, location: 2F
1-1: Ball
2-1: Ball
3-1: Base on Balls
Batting: RHB Aurelio Vázquez 0-0: Ball
1-0: Fly out, F2 (Popup, 2RF)
Batting: RHB Wilber Moon 0-0: Ball
1-0: Ball
2-0: Ground out 4-3 (Groundball, 13)
Eugene Parrish to second
Batting: SHB Ramiro Salazar 0-0: Called Strike
0-1: Fly out, F7 (Flyball, 78D)
Bottom of the 1st over - 0 run(s), 0 hit(s), 0 error(s), 1 left on base; Hartford 0 - Oakland 0
TOP OF THE 2ND
Hartford Whalers batting - Pitching for Oakland Oaks : LHP Ronald Harmon
Batting: LHB Leonardo López 0-0: Ball
1-0: Ball
2-0: Ball
3-0: Base on Balls
Batting: LHB Frank Parks 0-0: Foul Ball, location: 2F
0-1: Ball
1-1: Ball
2-1: Swinging Strike
2-2: Foul Ball, location: 2F
2-2: Ball
3-2: 2-RUN HOME RUN (Flyball, 9D), Distance : 368 ft
Batting: LHB César Durán 0-0: Ball
1-0: Ball
2-0: Fly out, F9 (Line Drive, 9M)
Batting: RHB Roberto Ramírez 0-0: Called Strike
0-1: Ball
1-1: Foul Ball, location: 2F
1-2: Ball
2-2: SINGLE (Groundball, 5S)
Batting: LHB Norm Ortega 0-0: Called Strike
0-1: Ball
1-1: SINGLE (Line Drive, 34)
Roberto Ramírez to second
Batting: LHB Orlando Martínez 0-0: Bunted foul
0-1: Sac Bunt - play at first, batter OUT! 3-4
Roberto Ramírez to third
Norm Ortega to second
Batting: RHB Félix Rodríguez 0-0: Ball
1-0: SINGLE (Groundball, 4M)
Roberto Ramírez scores
Norm Ortega to third
Runner from 3rd tries for Home, SAFE, no throw or cutoff
Batting: LHB Bill Burgess 0-0: Hit by Pitch
Félix Rodríguez to second
Batting: RHB Akahele Kimokeo 0-0: Called Strike
0-1: Foul Ball, location: 2F
0-2: Ball
1-2: Strikes out looking
Top of the 2nd over - 4 run(s), 4 hit(s), 0 error(s), 2 left on base; Hartford 4 - Oakland 0
BOTTOM OF THE 2ND
Oakland Oaks batting - Pitching for Hartford Whalers : LHP Orlando Martínez
Batting: LHB Félix Pérez 0-0: Ball
1-0: Called Strike
1-1: Ball
2-1: Fly out, F8 (Flyball, 8RM)
Batting: RHB Chandler Bailey 0-0: Called Strike
0-1: Fly out, F8 (Flyball, 8LM)
Batting: RHB Eric Murti 0-0: Ground out 6-3 (Groundball, 6M)
Bottom of the 2nd over - 0 run(s), 0 hit(s), 0 error(s), 0 left on base; Hartford 4 - Oakland 0
TOP OF THE 3RD
Hartford Whalers batting - Pitching for Oakland Oaks : LHP Ronald Harmon
Batting: LHB Leonardo López 0-0: Called Strike
0-1: Ball
1-1: Ball
2-1: DOUBLE (Groundball, 3L)
Batting: LHB Frank Parks 0-0: Foul Ball, location: 2F
0-1: Fly out, F4 (Line Drive, 4)
Batting: LHB César Durán 0-0: Called Strike
0-1: Ball
1-1: Ball
2-1: Ground out 1-3 (Groundball, 56S)
Batting: RHB Roberto Ramírez 0-0: Called Strike
0-1: Called Strike
0-2: Fly out, F9 (Flyball, 89M)
Top of the 3rd over - 0 run(s), 1 hit(s), 0 error(s), 1 left on base; Hartford 4 - Oakland 0
BOTTOM OF THE 3RD
Oakland Oaks batting - Pitching for Hartford Whalers : LHP Orlando Martínez
Pinch Hitting: RHB Alden Wiley 0-0: Ball
1-0: Foul Ball, location: 2F
1-1: Bunted foul
1-2: Foul Ball, location: 2F
1-2: Fly out, F8 (Flyball, 8LS)
Batting: RHB Miguel Fernández 0-0: Called Strike
0-1: Ball
1-1: Ground out 5-3 (Groundball, 5)
Batting: SHB Eugene Parrish 0-0: Swinging Strike
0-1: Fly out, F8 (Flyball, 8RS)
Bottom of the 3rd over - 0 run(s), 0 hit(s), 0 error(s), 0 left on base; Hartford 4 - Oakland 0
TOP OF THE 4TH
Hartford Whalers batting - Pitching for Oakland Oaks : LHP Ronald Harmon
Pitching: RHP Ken Simms
Batting: LHB Norm Ortega 0-0: Foul Ball, location: 2F
0-1: Called Strike
0-2: Fly out, F8 (Flyball, 8LS)
Batting: LHB Orlando Martínez 0-0: Ball
1-0: Ball
2-0: Swinging Strike
2-1: Called Strike
2-2: Foul Ball, location: 2F
2-2: Ball
3-2: Strikes out swinging
Batting: RHB Félix Rodríguez 0-0: Called Strike
0-1: Fly out, F6 (Popup, 6D)
Top of the 4th over - 0 run(s), 0 hit(s), 0 error(s), 0 left on base; Hartford 4 - Oakland 0
BOTTOM OF THE 4TH
Oakland Oaks batting - Pitching for Hartford Whalers : LHP Orlando Martínez
Batting: RHB Aurelio Vázquez 0-0: Ball
1-0: Ball
2-0: Foul Ball, location: 2F
2-1: Fly out, F8 (Line Drive, 78M)
Batting: RHB Wilber Moon 0-0: Ball
1-0: Ball
2-0: Foul Ball, location: 2F
2-1: Ball
3-1: SOLO HOME RUN (Flyball, 89XD), Distance : 422 ft
Batting: SHB Ramiro Salazar 0-0: Called Strike
0-1: Ball
1-1: Foul Ball, location: 2F
1-2: Foul Ball, location: 2F
1-2: Ball
2-2: DOUBLE (Line Drive, 7LD)
Batting: LHB Félix Pérez 0-0: DOUBLE (Line Drive, 89XD)
Ramiro Salazar scores
Batting: RHB Chandler Bailey 0-0: Ball
1-0: Ball
2-0: Called Strike
2-1: Fly out, F8 (Flyball, 8RM)
Batting: RHB Eric Murti 0-0: Foul Ball, location: 2F
0-1: Ball
1-1: Foul Ball, location: 2F
1-2: Foul Ball, location: 2F
1-2: Foul Ball, location: 2F
1-2: Foul Ball, location: 2F
1-2: Ground out 5-3 (Groundball, 56)
Bottom of the 4th over - 2 run(s), 3 hit(s), 0 error(s), 1 left on base; Hartford 4 - Oakland 2
TOP OF THE 5TH
Hartford Whalers batting - Pitching for Oakland Oaks : RHP Ken Simms
Batting: LHB Bill Burgess 0-0: Ball
1-0: Foul Ball, location: 2F
1-1: Ball
2-1: Ball
3-1: SINGLE (Line Drive, 9S)
Batting: RHB Akahele Kimokeo 0-0: Fly out, F4 (Popup, 4D)
Batting: LHB Leonardo López 0-0: DOUBLE (Line Drive, 89S)
Bill Burgess to third
Runner from 3rd tries for Home, SAFE, no throw or cutoff
Batting: LHB Frank Parks 0-0: Ball
1-0: Ball
2-0: Ball
3-0: Called Strike
3-1: Fly out, F7 (Flyball, 7LMF)
Batting: LHB César Durán 0-0: Ball
1-0: Called Strike
1-1: Ball
2-1: 2-RUN HOME RUN (Line Drive, 7LS), Distance : 385 ft
Pitching: LHP Jared Cox
Batting: RHB Roberto Ramírez 0-0: Ball
1-0: Ball
2-0: Called Strike
2-1: Ball
3-1: Base on Balls
Batting: LHB Norm Ortega 0-0: Foul Ball, location: 2F
0-1: Called Strike
0-2: Ball
1-2: Ball
2-2: Ball
3-2: Base on Balls
Roberto Ramírez to second
Batting: LHB Orlando Martínez 0-0: Called Strike
0-1: Called Strike
0-2: Ball
1-2: Foul Ball, location: 2F
1-2: Ball
2-2: Strikes out swinging
Top of the 5th over - 3 run(s), 3 hit(s), 0 error(s), 2 left on base; Hartford 7 - Oakland 2
BOTTOM OF THE 5TH
Oakland Oaks batting - Pitching for Hartford Whalers : LHP Orlando Martínez
Batting: RHB Jared Cox 0-0: Swinging Strike
0-1: SINGLE (Line Drive, 4MD)
Batting: RHB Miguel Fernández 0-0: Ball
1-0: Called Strike
1-1: Ball
2-1: Ball
3-1: Base on Balls
Jared Cox to second
Batting: SHB Eugene Parrish 0-0: Grounds into double play, 6-4-3 (Groundball, 6)
Jared Cox to third
Batting: RHB Aurelio Vázquez 0-0: Ball
1-0: Called Strike
1-1: Swinging Strike
1-2: Ground out 5-3 (Groundball, 56)
Bottom of the 5th over - 0 run(s), 1 hit(s), 0 error(s), 1 left on base; Hartford 7 - Oakland 2
TOP OF THE 6TH
Hartford Whalers batting - Pitching for Oakland Oaks : LHP Jared Cox
Batting: RHB Félix Rodríguez 0-0: Ball
1-0: Ground out U3 (Groundball, 3)
Batting: LHB Bill Burgess 0-0: Ball
1-0: Foul Ball, location: 2F
1-1: Ball
2-1: Ball
3-1: Foul Ball, location: 2F
3-2: Base on Balls
Batting: RHB Akahele Kimokeo Pickoff Throw to First - Out!
0-0: Swinging Strike
0-1: Ball
1-1: Ball
2-1: Foul Ball, location: 2F
2-2: Strikes out swinging
Top of the 6th over - 0 run(s), 0 hit(s), 0 error(s), 0 left on base; Hartford 7 - Oakland 2
BOTTOM OF THE 6TH
Oakland Oaks batting - Pitching for Hartford Whalers : LHP Orlando Martínez
Batting: RHB Wilber Moon 0-0: Ball
1-0: Swinging Strike
1-1: Swinging Strike
1-2: Foul Ball, location: 2F
1-2: Ground out 5-3 (Groundball, 56)
Batting: SHB Ramiro Salazar 0-0: Fly out, F9 (Flyball, 9D)
Batting: LHB Félix Pérez 0-0: Foul Ball, location: 2F
0-1: Foul Ball, location: 2F
0-2: Ball
1-2: Ground out 4-3 (Groundball, 4)
Bottom of the 6th over - 0 run(s), 0 hit(s), 0 error(s), 0 left on base; Hartford 7 - Oakland 2
TOP OF THE 7TH
Hartford Whalers batting - Pitching for Oakland Oaks : LHP Jared Cox
Batting: LHB Leonardo López 0-0: Ball
1-0: Ball
2-0: Called Strike
2-1: Ball
3-1: Base on Balls
Batting: LHB Frank Parks 0-0: Fly out, F2 (Popup, 23F)
Batting: LHB César Durán 0-0: Called Strike
0-1: Ball
1-1: Ball
2-1: Called Strike
2-2: Grounds into double play, 4-6-3 (Groundball, 4)
Top of the 7th over - 0 run(s), 0 hit(s), 0 error(s), 0 left on base; Hartford 7 - Oakland 2
BOTTOM OF THE 7TH
Oakland Oaks batting - Pitching for Hartford Whalers : LHP Orlando Martínez
Now at C: Julian Anthony
Batting: RHB Chandler Bailey 0-0: Ball
1-0: Called Strike
1-1: Ball
2-1: Ground out 4-3 (Groundball, 4)
Batting: RHB Eric Murti 0-0: Ball
1-0: Ball
2-0: Called Strike
2-1: DOUBLE (Line Drive, 78XD)
Pinch Hitting: LHB Maxwell Ings 0-0: Ground out 2-3 (Groundball, 2L)
Eric Murti to third
Batting: RHB Miguel Fernández 0-0: Ball
1-0: Called Strike
1-1: Foul Ball, location: 2F
1-2: Fly out, F3 (Popup, 23F)
Bottom of the 7th over - 0 run(s), 1 hit(s), 0 error(s), 1 left on base; Hartford 7 - Oakland 2
TOP OF THE 8TH
Hartford Whalers batting - Pitching for Oakland Oaks : LHP Jared Cox
Pitching: RHP Robert Anderson
Batting: SHB Julian Anthony 0-0: Ball
1-0: Foul Ball, location: 2F
1-1: Ground out 4-3 (Groundball, 4)
Batting: LHB Norm Ortega 0-0: Ball
1-0: Foul Ball, location: 2F
1-1: SINGLE (Flyball, 8RS)
Pinch Hitting: RHB Michael Collins 0-0: Ball
1-0: Fly out, F4 (Popup, 34D)
Batting: RHB Félix Rodríguez 0-0: Ball
1-0: Ground out 5-3 (Groundball, 5)
Top of the 8th over - 0 run(s), 1 hit(s), 0 error(s), 1 left on base; Hartford 7 - Oakland 2
BOTTOM OF THE 8TH
Oakland Oaks batting - Pitching for Hartford Whalers : LHP Orlando Martínez
Pitching: RHP Juan Hernández
Batting: SHB Eugene Parrish 0-0: Ball
1-0: Fly out, F9 (Flyball, 89D)
Batting: RHB Aurelio Vázquez 0-0: Foul Ball, location: 2F
0-1: Fly out, F9 (Flyball, 89D)
Batting: RHB Wilber Moon 0-0: Called Strike
0-1: Ball
1-1: Fly out, F9 (Flyball, 89D)
Bottom of the 8th over - 0 run(s), 0 hit(s), 0 error(s), 0 left on base; Hartford 7 - Oakland 2
TOP OF THE 9TH
Hartford Whalers batting - Pitching for Oakland Oaks : RHP Robert Anderson
Batting: LHB Bill Burgess 0-0: Ball
1-0: Ball
2-0: Ball
3-0: Called Strike
3-1: Foul Ball, location: 2F
3-2: Foul Ball, location: 2F
3-2: SINGLE (Groundball, 34D)
Batting: RHB Akahele Kimokeo 0-0: Ball
1-0: Ball
2-0: Called Strike
2-1: Grounds into double play, 5-4-3 (Groundball, 5L)
Batting: LHB Leonardo López 0-0: Ball
1-0: Called Strike
1-1: Ground out 3-1 (Groundball, 3L)
Top of the 9th over - 0 run(s), 1 hit(s), 0 error(s), 0 left on base; Hartford 7 - Oakland 2
BOTTOM OF THE 9TH
Oakland Oaks batting - Pitching for Hartford Whalers : RHP Juan Hernández
Batting: SHB Ramiro Salazar 0-0: Ball
1-0: Swinging Strike
1-1: Ball
2-1: Ball
3-1: Base on Balls
Batting: LHB Félix Pérez 0-0: Called Strike
0-1: Called Strike
0-2: SINGLE (Line Drive, 4D)
Ramiro Salazar to second
Batting: RHB Chandler Bailey 0-0: Called Strike
0-1: Fly out, F9 (Flyball, 89D)
Runner from 2nd tags up, SAFE at 3rd, no throw
Batting: RHB Eric Murti 0-0: Fly out, F7 (Flyball, 7D)
Runner from 3rd tags up, SCORES, no throw
Pinch Hitting: LHB Edwin Church 0-0: Ball
1-0: Called Strike
1-1: Fielders Choice at 2nd, 6-4 (Groundball, 6)
Bottom of the 9th over - 1 run(s), 1 hit(s), 0 error(s), 0 left on base; Hartford 7 - Oakland 3
This league is powered by Out of the Park Baseball, the baseball management simulation game for PC, Mac and Linux
Saturday, July 25th, 2015 - OOTP Baseball 15.6 Build 34